 Dungeon Crawl Stone Soup version 0.27.1-1-g398f81649c (webtiles) character file.

Game seed: 14927565637344143467

23447 nxtlvl the Cleaver (level 12, -8/110 HPs)
             Began as a Grey Draconian Berserker on Sept 8, 2021.
             Was an Elder of Trog.
             Mangled by an orc knight (32 damage)
             ... on level 2 of the Orcish Mines.
             The game lasted 00:55:20 (4875 turns).

nxtlvl the Cleaver (Grey Draconian Berserker)       Turns: 4875, Time: 00:55:21

Health: -8/110     AC: 14    Str: 20    XL:     12   Next: 71%
Magic:  12/12      EV: 16    Int:  9    God:    Trog [****..]
Gold:   665        SH:  0    Dex: 14    Spells: 11/11 levels left

rFire    . . .     SeeInvis .   a - +0 war axe
rCold    . . .     Faith    .   (no shield)
rNeg     . . .     Spirit   .   (armour unavailable)
rPois    .         Reflect  .   (helmet restricted)
rElec    .         Harm     .   c - +0 cloak
rCorr    .         Rampage  .   (no gloves)
Will     .....                  (no boots)
Stlth    +.........             h - amulet of regeneration
HPRegen  1.28/turn              (no ring)
MPRegen  0.13/turn              (no ring)

@: about to teleport, on berserk cooldown, slowed, very slow
A: AC +13, amphibious, unfitting armour, cold-blooded
a: Renounce Religion, Berserk, Trog's Hand, Brothers in Arms


You were on level 2 of the Orcish Mines.
You worshipped Trog.
Trog was greatly pleased with you.
You visited 3 branches of the dungeon, and saw 16 of its levels.

You collected 665 gold pieces.

Inventory:

Hand Weapons
 a - a +0 war axe (weapon)
 b - a +0 whip of electrocution
 x - a +0 glaive
 z - a +0 shortbow
Missiles
 i - 19 boomerangs
 k - 2 throwing nets
 n - 3 atropa-tipped darts
 q - 44 sling bullets
 u - 6 curare-tipped darts (quivered)
 w - 43 poisoned darts
 A - 100 arrows
 E - 17 bolts
Armour
 c - a +0 cloak (worn)
Jewellery
 h - an amulet of regeneration (around neck)
Wands
 o - a wand of charming (5)
 s - a wand of iceblast (11)
 G - a wand of polymorph (9)
Scrolls
 d - a scroll of torment
 f - a scroll of fog
 r - a scroll of amnesia
 y - a scroll of brand weapon {unknown}
 C - a scroll of enchant armour
 F - 3 scrolls of fear {unknown}
 H - 2 scrolls of immolation {unknown}
 I - a scroll of blinking {unknown}
Potions
 g - 2 potions of mutation
 l - 3 potions of curing
 m - 2 potions of heal wounds
 p - a potion of magic
 t - a potion of might
 v - a potion of ambrosia
 B - a potion of flight
 D - a potion of brilliance


   Skills:
 + Level 11.5 Fighting
 - Level 14.0 Axes
 + Level 9.8 Dodging
 - Level 8.0 Evocations


You had 11 spell levels left.
You didn't know any spells.
Your spell library contained the following spells:

 Spells                   Type           Power      Damage    Failure   Level
 Foxfire                  Conj/Fire      0%         2x1d4     38%         1
 Conjure Flame            Conj/Fire      0%         6-21      77%         3
 Inner Flame              Hex/Fire       0%         N/A       77%         3


Dungeon Overview and Level Annotations

Branches:
Dungeon (10/15)              Lair (4/6) D:8          Shoals (0/4) Lair:2
    Orc (2/2) D:10
 Temple: D:4-7        Snake: Lair:2-4    Spider: Lair:2-4       Elf: Orc:2

Altars:
Nemelex Xobeh
Qazlal
Sif Muna
Uskayaw

Annotations:
Orc:1 Fannar


Innate Abilities, Weirdness & Mutations

Your dull iron-grey scales are very hard. (AC +13)
You are amphibious.
You cannot fit into any form of body armour.
You are cold-blooded and may be slowed by cold attacks.


Message History

You slash the orc knight!
The orc warrior no longer looks unusually strong.
The orc knight roars a battlecry!
The orc warrior goes into a battle-frenzy!
The orc warrior closely misses you.
You slash the orc knight!
You tail-slap the orc knight, but do no damage.
The orc knight is moderately wounded.
You barely miss the orc knight.
You hit the orc warrior but do no damage.
The orc sorcerer no longer looks unusually strong.
The orc knight hits you with a +0 dire flail!!!
You hear a shout!
You slice the orc warrior!!
You kill the orc warrior!
Trog accepts your kill.
You closely miss the orc knight. x2
The ice devil disappears in a puff of smoke!
The orc knight completely misses you.
Unknown command.
You slash the orc knight!
Your tail-slap misses the orc knight.
The orc knight is heavily wounded.
You slash the orc knight!
The orc knight no longer looks unusually strong.
The orc knight roars a battlecry!
The orcs go into a battle-frenzy!
Unknown command.
You barely miss the orc sorcerer. You hit the sixfirhy.
You slash the orc knight!
You hit the orc knight but do no damage.
You are no longer berserk.
You are exhausted.
You feel yourself slow down. The orc knight completely misses you.
The orc sorcerer barely misses you.
As you read the scroll of teleportation, it crumbles to dust.
You feel strangely unstable.
The orc knight hits you with a +0 dire flail!
* * * LOW HITPOINT WARNING * * *
The orc knight hits you with a +3 war axe of venom!!
You die...

.... #.#.....<..###.
.... ###.............
..... #[...........#
÷.÷÷. ##.[..........#
#...÷. #....#..#....##
#....# ##)..##..##....#.
#..÷..##)...#....#......
#.§÷3o...###..........
##§3o@..##............
###o).##.............
..#####..............
.....................
.....................
........#............
.....###.............
......#.#.#....†.....
.........##.))##.....


You could see 2 orc knights, a sixfirhy (summoned), a smoke demon (summoned) and
an orc sorcerer (strong).

Vanquished Creatures
  3 two-headed ogres
  3 orc high priests
  Urug (Orc:1)
  A manticore (Lair:2)
  2 orc knights (Orc:2)
  An orc sorcerer (Orc:2)
  A black mamba (Lair:3)
  3 cane toads (Lair:3)
  A rime drake (Lair:3)
  2 komodo dragons
  A polar bear (Lair:4)
  4 trolls
  A wind drake (Lair:2)
  9 blink frogs
  Sigmund (D:4)
  21 yaks
  4 wraiths
  2 wyverns
  2 basilisks (Lair:4)
  4 vampire mosquitoes (D:9)
  2 wargs
  7 water moccasins
  12 orc warriors
  A necrophage (D:5)
  7 ogres
  12 wolves
  2 centaurs
  A phantom (D:5)
  2 kobold brigands (D:9)
  5 bullfrogs
  4 water moccasin zombies
  3 wights (D:8)
  3 howler monkeys (D:10)
  A hound (D:5)
  Crazy Yiuf (D:6)
  A centaur zombie (D:7)
  10 orc priests
  A jelly (D:7)
  A bullfrog skeleton (D:5)
  3 iguanas
  18 orc wizards
  An adder (D:6)
  4 gnolls
  A white imp (D:7)
  3 ufetubi
  39 orcs
  2 endoplasms
  A giant cockroach (D:2)
  A goblin (Orc:2)
  2 hobgoblins
  10 kobolds (D:9)
  2 ball pythons
  2 bats
232 creatures vanquished.

Vanquished Creatures (collateral kills)
  Sonja (Lair:2)
  A hydra (Lair:2)
  An orc knight (Orc:1)
  An orc sorcerer (Orc:1)
  A blink frog (Lair:2)
  A komodo dragon (Lair:2)
  2 trolls (Orc:1)
  A wraith (Orc:1)
  2 yaks (Lair:2)
  A warg (Orc:1)
  A water moccasin (Lair:2)
  An ogre (Orc:1)
  4 orc warriors (Orc:1)
  A bullfrog (Lair:2)
  3 orc priests
  4 orc wizards
  3 gnolls (Orc:2)
  5 orcs
34 creatures vanquished.

Vanquished Creatures (others)
  A cane toad (Lair:2)
  A komodo dragon (Lair:2)
  A yak (Lair:2)
  An orc wizard (Orc:1)
  13 fungi
  36 plants
53 creatures vanquished.

Grand Total: 319 creatures vanquished

Notes
Turn   | Place    | Note
-------+----------+-------------------------------------------
     0 | D:1      | nxtlvl the Draconian Berserker began the quest for the Orb.
     0 | D:1      | Reached XP level 1. HP: 19/19 MP: 1/1
   137 | D:4      | Reached XP level 2. HP: 15/26 MP: 2/2
   170 | D:3      | Found a hide-covered altar of Uskayaw.
   175 | D:3      | Reached skill level 4 in Axes
   240 | D:4      | Reached XP level 3. HP: 19/31 MP: 3/3
   256 | D:5      | Entered Level 5 of the Dungeon
   292 | D:4      | Noticed Sigmund
   308 | D:4      | Killed Sigmund
   309 | D:4      | Reached skill level 6 in Axes
   309 | D:4      | Reached XP level 4. HP: 25/38 MP: 4/4
   309 | D:4      | Reached XP level 5. HP: 30/45 MP: 5/5
   345 | D:5      | Noticed a necrophage
   350 | D:5      | Killed a necrophage
   351 | D:5      | Reached skill level 7 in Axes
   351 | D:5      | Reached XP level 6. HP: 31/51 MP: 6/6
   464 | D:5      | Reached skill level 8 in Axes
   464 | D:5      | Your scales start taking on a dull iron-grey colour.
   464 | D:5      | Reached XP level 7. HP: 12/57 MP: 7/7
   622 | D:7      | Reached ** piety under Trog
   848 | D:6      | Found a runed translucent door.
   849 | D:6      | Noticed Crazy Yiuf
   858 | D:6      | Killed Crazy Yiuf
   981 | D:6      | Reached skill level 9 in Axes
  1023 | D:6      | Reached XP level 8. HP: 62/67 MP: 8/8
  1270 | D:8      | Reached skill level 1 in Evocations
  1275 | D:8      | Found a staircase to the Lair.
  1283 | D:8      | Noticed a komodo dragon
  1301 | D:8      | Killed a komodo dragon
  1302 | D:8      | Reached skill level 5 in Fighting
  1337 | Lair:1   | Entered Level 1 of the Lair of Beasts
  1337 | Lair:1   | Noticed a komodo dragon
  1359 | Lair:1   | Killed a komodo dragon
  1360 | Lair:1   | Reached skill level 10 in Axes
  1433 | Lair:1   | Reached XP level 9. HP: 74/74 MP: 9/9
  1455 | Lair:1   | Reached *** piety under Trog
  1516 | Lair:1   | Reached skill level 5 in Dodging
  1595 | Lair:2   | Noticed a four-headed hydra
  1605 | Lair:2   | Noticed a cane toad
  1605 | Lair:2   | Noticed a komodo dragon
  1607 | Lair:2   | Noticed Sonja
  1627 | Lair:2   | Killed a four-headed hydra
  1636 | Lair:2   | Reached skill level 11 in Axes
  1636 | Lair:2   | Noticed a komodo dragon
  1636 | Lair:2   | Killed a blink frog
  1651 | Lair:2   | Noticed a manticore
  1654 | Lair:2   | Killed Sonja
  1659 | Lair:2   | Found a staircase to the Shoals.
  1659 | Lair:2   | Killed a komodo dragon
  1679 | Lair:2   | Killed a manticore
  1680 | Lair:2   | Reached XP level 10. HP: 70/86 MP: 10/10
  1873 | Lair:2   | Reached skill level 5 in Evocations
  1964 | Lair:2   | Reached skill level 12 in Axes
  2284 | Lair:3   | Noticed a cane toad
  2292 | Lair:3   | Killed a cane toad
  2446 | Lair:3   | Noticed a cane toad
  2461 | Lair:3   | Killed a cane toad
  2520 | Lair:3   | Noticed a cane toad
  2533 | Lair:3   | Killed a cane toad
  2664 | Lair:3   | Reached XP level 11. HP: 89/95 MP: 11/11
  2694 | Lair:3   | Reached **** piety under Trog
  2989 | Lair:4   | Noticed a five-headed hydra
  3171 | Lair:4   | Identified the +5 ring mail "Zayn" {Harm Regen+ MP-9 Int+4}
  3279 | Lair:4   | Reached skill level 13 in Axes
  3604 | D:8      | Found a sparkling altar of Nemelex Xobeh.
  3604 | D:8      | Found a shimmering blue altar of Sif Muna.
  3607 | D:8      | Found a stormy altar of Qazlal.
  3687 | D:9      | Noticed a two-headed ogre
  3702 | D:9      | Killed a two-headed ogre
  3766 | D:9      | Noticed a two-headed ogre
  3780 | D:9      | Killed a two-headed ogre
  3923 | D:10     | Entered Level 10 of the Dungeon
  3935 | D:10     | Noticed a two-headed ogre
  3947 | D:10     | Killed a two-headed ogre
  4060 | D:10     | Reached XP level 12. HP: 106/106 MP: 12/12
  4160 | D:10     | Found a staircase to the Orcish Mines.
  4220 | Orc:1    | Entered Level 1 of the Orcish Mines
  4220 | Orc:1    | Noticed Fannar
  4220 | Orc:1    | Noticed an orc high priest
  4223 | Orc:1    | Noticed Urug
  4236 | Orc:1    | Killed Urug
  4254 | Orc:1    | Reached skill level 14 in Axes
  4359 | Orc:1    | Reached skill level 10 in Fighting
  4413 | Orc:1    | Killed an orc high priest
  4436 | Orc:2    | Entered Level 2 of the Orcish Mines
  4843 | Orc:2    | Noticed an orc high priest
  4844 | Orc:2    | Noticed an orc high priest
  4858 | Orc:2    | Killed an orc high priest
  4862 | Orc:2    | Killed an orc high priest
  4875 | Orc:2    | Mangled by an orc knight

Illustrated notes

Levels and vault maps discovered:
D:1:      dpeg_chamrin_arrival_tetris, layout_loops_ring,
          basic_ecumenical_altar, minmay_3d_cube
D:2:      layout_basic
D:3:      layout_basic, old_standard_altar, serial_aquarium,
          aquarium_bridge_long_separate [aquarium_subvault_bridge,
          aquarium_subvault_window, aquarium_subvault_bridge,
          aquarium_subvault_wall, aquarium_subvault_bridge,
          aquarium_subvault_wall], aquarium_bridge_square
          [aquarium_subvault_balcony, aquarium_subvault_wall,
          aquarium_subvault_bridge, aquarium_subvault_balcony],
          aquarium_window_2, aquarium_window_1, aquarium_view_2e,
          aquarium_view_2c, aquarium_balcony_1b, ebering_ghost_sewer_f
D:4:      layout_loops_corners, mainiacjoe_overflow_brackets,
          gammafunk_ghost_mausoleum, uniq_sigmund
D:5:      layout_gridville, nicolae_kikubaaqudgha_miasma_corner,
          serial_park_tiny_pond, minmay_circle_x, uniq_pikel
D:6:      layout_loops_corners, minmay_temple_entry_from_below_a,
          uniq_crazy_yiuf_cottage
D:7:      layout_loops_cross
D:8:      layout_basic, nicolae_overflow_hidden_temple, david_lair_shrubbed,
          serial_bayou_pond_a
D:9:      layout_cave_pools
D:10:     layout_roguey, david_orc_3
Lair:1:   layout_small_grid, st_stairs_11, lemuel_fruit_tree
Lair:2:   layout_regular_city, minmay_shoals_entry_beasts,
          chequers_serial_rivers_small_a, chequers_serial_rivers_small_3,
          infiniplex_staircase_pool_2, grunt_megastairs_4, serial_bayou_shore_b,
          uniq_sonja
Lair:3:   layout_cave_pods, infiniplex_staircase_pool
Lair:4:   layout_cave_pods, minmay_snake_entry_guardpost_small,
          grunt_megastairs_2
Orc:1:    layout_diamond_mine, uniq_urug, uniq_fannar, uniq_josephine
Orc:2:    grunt_orc_tribal_feast, layout_caves, basic_altar

Skill      XL: |  1  2  3  4  5  6  7  8  9 10 11 12 |
---------------+-------------------------------------+-----
Axes           | 4 6 7 8 9 10 11 12 13 14 | 14.0
Dodging        | 3 4 5 6 8 9 |  9.8
Fighting       | 4 5 7 8 9 11 | 11.5
Evocations     | 2 4 6 7 8 |  8.0

Action                   |  1- 3 |  4- 6 |  7- 9 | 10-12 || total
-------------------------+-------+-------+-------+-------++-------
Melee: Hand axe          |    43 |    27 |   287 |   595 ||   952
       Tailslap          |     3 |     4 |    40 |   149 ||   196
       Whip              |       |       |       |   154 ||   154
       War axe           |       |       |       |    99 ||    99
Throw: Boomerang         |       |       |     5 |     2 ||     7
       Dart              |       |       |     2 |     7 ||     9
       Javelin           |       |       |       |     3 ||     3
Invok: Berserk           |     2 |     1 |    10 |    20 ||    33
       Brothers in Arms  |       |       |       |     5 ||     5
       Trog's Hand       |       |       |       |     2 ||     2
Evoke: Wand              |       |       |     7 |     6 ||    13
  Use: Potion            |     2 |       |       |     1 ||     3
       Scroll            |       |       |     4 |    13 ||    17
 Stab: Sleeping          |     1 |       |       |       ||     1
Armor: Skin              |    17 |     5 |   108 |   196 ||   326
Dodge: Dodged            |    33 |    11 |   197 |   410 ||   651
